AoeStats
← waLLefps.

Arena

506722793Analyzed
4v4 RM · 17d ago on Sep 14, 2026· 37m 45s· 8 players
Game mode
Random Map
Map size
Large (8 player)
Population
200
Speed
Normal
Resources
Standard
Victory
Conquest
Starting age
Dark Age
Ending age
Imperial Age
RankedLock teamsTeams togetherTeam positionsShared explorationLock speedFull tech treeHidden civsTurbo modeCheats
Victory
Defeat
🇹🇷 Romans · Türkiye
1410
+12
🇹🇷 Bohemians · Türkiye
1380
+13
🇹🇷 Wu · Türkiye
1352
+14
🇹🇷 Khmer · Türkiye
1350
+14
🇦🇷 Teutons · Argentina
1344
-15
🇲🇽 Malians · Mexico
1312
-13
🇩🇪 Bulgarians · Germany
1298
-13
🇲🇽 Hindustanis · Mexico
1282
-12
Caronte
10:37 Feudal Age
14:55 Castle Age
13:50 Double-Bit Axe
14:29 Horse Collar
17:09 Bow Saw
18:33 Loom
19:55 Town Watch
20:46 Wheelbarrow
25:08 Scale Mail Armor
31:47 Hand Cart
32:08 Heavy Plow
34:33 Chain Mail Armor
34:28 Forging
34:24 Scale Barding Armor
38:27 Imperial Age
36:35 Husbandry
36:46 Bloodlines
Morfeo
1:38 Loom
9:54 Feudal Age
14:00 Castle Age
12:38 Double-Bit Axe
13:15 Horse Collar
14:41 Wheelbarrow
18:39 Loom
22:29 Bow Saw
23:37 Town Watch
28:18 Imperial Age
26:32 Scale Mail Armor
26:51 Forging
27:06 Heavy Plow
27:46 Chain Mail Armor
28:04 Hand Cart
29:09 Farimba
29:18 Gold Mining
29:00 Light Cavalry
29:50 Bloodlines
30:10 Bloodlines
30:26 Husbandry
30:35 Scale Barding Armor
30:54 Ballistics
31:24 Iron Casting
31:19 Conscription
31:44 Onager
32:59 Chain Barding Armor
33:55 Plate Barding Armor
35:07 Chemistry
35:05 Plate Mail Armor
TekinNico23
9:43 Feudal Age
10:23 Horse Collar
10:38 Double-Bit Axe
11:17 Loom
11:49 Horse Collar
17:57 Castle Age
16:56 Bloodlines
17:38 Scale Barding Armor
17:44 Forging
19:07 Bow Saw
23:32 Chain Barding Armor
27:54 Wheelbarrow
27:52 Town Watch
32:34 Imperial Age
32:28 Hand Cart
33:26 Fortified Wall
33:59 Iron Casting
33:23 Cavalier
34:39 Plate Barding Armor
34:29 Conscription
34:29 Gold Mining
Replikator
11:15 Feudal Age
15:08 Castle Age
13:01 Double-Bit Axe
14:25 Horse Collar
16:24 Bow Saw
17:43 Scale Mail Armor
waLLefps.
12:48 Feudal Age
14:26 Double-Bit Axe
14:23 Horse Collar
17:02 Castle Age
17:57 Bow Saw
18:22 Heavy Plow
20:49 Fervor
21:09 Sanctity
21:44 Wheelbarrow
22:14 Fletching
23:38 Hand Cart
23:25 Loom
28:15 Imperial Age
26:03 Padded Archer Armor
27:21 Chemistry
27:25 Town Watch
28:06 Leather Archer Armor
28:01 Wagenburg Tactics
30:18 Two-Man Saw
30:07 Conscription
31:13 Siege Engineers
31:43 Ring Archer Armor
32:28 Houfnice
İhtiyar
11:00 Feudal Age
11:21 Feudal Age
14:33 Castle Age
12:27 Horse Collar
12:54 Double-Bit Axe
16:02 Wheelbarrow
16:41 Gold Mining
18:55 Stone Mining
21:58 Gold Shaft Mining
21:11 Loom
30:35 Imperial Age
28:59 Ballistics
28:35 Murder Holes
30:22 Bow Saw
33:17 Chemistry
34:31 Siege Engineers
36:41 Conscription
36:40 Double Crossbow
37:40 Heavy Scorpion
Tameryig1t
10:18 Feudal Age
12:55 Loom
15:22 Castle Age
13:35 Double-Bit Axe
14:57 Horse Collar
16:07 Wheelbarrow
15:27 Gold Mining
15:27 Stone Mining
17:29 Bow Saw
18:49 Heavy Plow
21:47 Pikeman
22:28 Squires
22:13 Arson
22:33 Scale Mail Armor
22:43 Forging
24:20 Forging
26:23 Gold Mining
26:23 Stone Mining
28:54 Hand Cart
31:13 Imperial Age
28:30 Town Watch
30:33 Iron Casting
30:13 Chain Mail Armor
30:06 Husbandry
30:16 Bloodlines
29:27 Light Cavalry
30:17 Scale Barding Armor
30:51 Man-at-Arms
31:52 Halberdier
32:05 Heavy Hei Guang Cavalry
33:55 Chain Barding Armor
34:52 Blast Furnace
34:24 Plate Mail Armor
35:11 Chemistry
34:55 Conscription
36:01 Plate Barding Armor
klostrofobikköstebek
10:15 Feudal Age
14:25 Castle Age
12:20 Double-Bit Axe
13:08 Horse Collar
16:18 Wheelbarrow
17:11 Heavy Plow
18:56 Loom
22:39 Hand Cart
28:04 Imperial Age
26:12 Bow Saw
26:46 Ballistics
26:19 Gold Mining
27:36 Gold Shaft Mining
27:10 Ballistas
28:04 Pikeman
28:08 Heavy Scorpion
29:50 Chemistry
29:08 Squires
29:21 Forging
29:14 Scale Mail Armor
30:07 Halberdier
31:04 Chain Mail Armor
30:44 Capped Ram
32:53 Siege Engineers
33:43 Iron Casting
35:11 Siege Ram
Connection lost

Rejoining the realm…

Still unreachable

The connection could not be restored.

Session expired

The server has moved on; the page needs a fresh start.